 Dungeon Crawl Stone Soup version 0.28.0-53-g5a82cb258f (webtiles) character file.

Game seed: 8799530564647305786

171 jamesblauser the Cudgeller (level 5, 0/46 HPs)
             Began as a Draconian Berserker on Nov 5, 2022.
             Was a Believer of Trog.
             Slain by a gnoll
             ... wielding a +0 halberd
              (3 damage)
             ... on level 3 of the Dungeon.
             The game lasted 00:13:17 (1523 turns).

jamesblauser the Cudgeller (Draconian Berserker)    Turns: 1523, Time: 00:13:17

Health: 0/46       AC:  6    Str: 21    XL:     5   Next: 26%
Magic:  5/5        EV: 12    Int:  8    God:    Trog [**....]
Gold:   60         SH:  0    Dex: 10    Spells: 4/4 levels left

rFire   . . .      SeeInvis .   a - +0 mace
rCold   . . .      Faith    .   (no shield)
rNeg    . . .      Spirit   .   (armour unavailable)
rPois   +          Reflect  .   (helmet restricted)
rElec   .          Harm     .   (no cloak)
rCorr   .          Rampage  .   b - +0 pair of gloves
Will    .....                   (no boots)
Stlth   +.........              (no amulet)
HPRegen 0.15/turn               e - ring of poison resistance
MPRegen 0.09/turn               (no ring)

@: no status effects
A: AC +5, unfitting armour, cold-blooded
a: Renounce Religion, Berserk, Trog's Hand


You were on level 3 of the Dungeon.
You worshipped Trog.
Trog was pleased with you.
You visited 1 branch of the dungeon, and saw 3 of its levels.

You collected 88 gold pieces.
You spent 28 gold pieces at shops.

Inventory:

Hand Weapons
 a - a +0 mace (weapon)
 c - a +1 dagger of venom
Armour
 b - a +0 pair of gloves (worn)
Jewellery
 e - a ring of poison resistance (left hand)
Scrolls
 d - a scroll of teleportation


   Skills:
 + Level 4.2 Fighting
 + Level 4.7 Maces & Flails
 + Level 3.5 Dodging
 + Level 0.4 Stealth


You had 4 spell levels left.
You didn't know any spells.
Your spell library was empty.

Dungeon Overview and Level Annotations

Branches:
Dungeon (3/15)

Altars:

Shops:
D:1 ?


Innate Abilities, Weirdness & Mutations

Your plain brown scales are hard. (AC +5)
You cannot fit into any form of body armour.
You are cold-blooded and may be slowed by cold attacks.


Message History

The gnoll shouts! x2
The gnoll is attracted toward you. x2
You closely miss the gnoll.
You recover from your berserk rage.
The gnoll hits you with a +0 spear. The gnoll barely misses you.
The gnoll completely misses you. The gnoll is attracted toward you. x2
The gnoll barely misses you. The gnoll is attracted toward you.
You barely miss the gnoll. The gnoll hits you with a +0 spear.
The gnoll barely misses you.
You hit the gnoll but do no damage. The gnoll barely misses you.
The gnoll hits you from afar with a +0 halberd!
You closely miss the gnoll. The gnoll closely misses you. The gnoll misses you.
The gnoll hits you with a +0 spear.
You thump the gnoll!
The gnoll is heavily wounded.
The gnoll misses you. The gnoll completely misses you.
You barely miss the gnoll.
The gnoll is heavily wounded.
The gnoll completely misses you. The gnoll closely misses you. x2
You feel less attractive to monsters.
You closely miss the gnoll.
The gnoll is heavily wounded.
The gnoll barely misses you. The gnoll completely misses you.
You sock the gnoll!
You kill the gnoll!
Trog accepts your kill. The gnoll barely misses you.
The gnoll hits you with a +0 halberd!
You see here a +0 spear.
The gnoll misses you.
You hit the gnoll but do no damage. The gnoll closely misses you.
You closely miss the gnoll. You tail-slap the gnoll.
The gnoll is lightly wounded.
The gnoll hits you with a +0 halberd!
* * * LOW HITPOINT WARNING * * *
You hit the gnoll.
You tail-slap the gnoll, but do no damage.
The gnoll is moderately wounded.
The gnoll hits you with a +0 halberd.
You die...

#### ..# #.#
#############.#
#..........##)#
#......)...'g@#
#.......)..##.#
#..........###...
###..>............
###.###.####.##+#
#........#.#
#.#.#.####.#
###.#.# .# # #.#
#.#


You could see a gnoll.

Vanquished Creatures
  A water moccasin skeleton (D:2)
  Terence (D:2)
  3 gnolls (D:3)
  2 worms (D:2)
  3 dart slugs (D:1)
  4 ball pythons
  7 endoplasms
  A giant cockroach (D:1)
  3 goblins
  5 hobgoblins
  4 quokkas
  3 bats
  4 frilled lizards
  10 kobolds
  5 rats
56 creatures vanquished.

Vanquished Creatures (others)
  A fungus (D:1)
  2 plants (D:1)
3 creatures vanquished.

Grand Total: 59 creatures vanquished

Notes
Turn   | Place    | Note
-------+----------+-------------------------------------------
     0 | D:1      | jamesblauser the Draconian Berserker began the quest for
                  | the Orb.
     0 | D:1      | Reached XP level 1. HP: 19/19 MP: 1/1
    17 | D:1      | Found Umaiza's Magic Scroll Shoppe.
    83 | D:1      | Reached XP level 2. HP: 12/26 MP: 2/2
   167 | D:1      | HP: 1/27 [kobold/+0 dagger (1)]
   263 | D:1      | Reached XP level 3. HP: 9/33 MP: 3/3
   309 | D:1      | Found a faded altar of an unknown god.
   414 | D:1      | Bought a scroll of identify for 28 gold pieces
   569 | D:1      | Reached ** piety under Trog
   678 | D:2      | Reached XP level 4. HP: 33/40 MP: 4/4
   910 | D:2      | Noticed Terence
   923 | D:2      | Killed Terence
  1342 | D:2      | You fall into a shaft and drop 1 floor!
  1387 | D:3      | Reached XP level 5. HP: 38/46 MP: 5/5
  1523 | D:3      | Slain by a gnoll

Illustrated notes

Levels and vault maps discovered:
D:1:      eino_arrival_cavern_b, layout_rooms, serial_shops, shop_fountains,
          shapermc_ecumenical_altar_mp_urbaneastern, chequers_decorated_corner
D:2:      layout_loops_ring, kennysheep_small_spiral, uniq_terence
D:3:      layout_basic, kennysheep_donut

Skill      XL: |  1  2  3 |
---------------+----------+-----
Dodging        | 3 |  3.5
Fighting       | 4 |  4.2
Maces & Flails | 4 |  4.7
Stealth        | |  0.4

Action                   |  1- 3 |  4- 6 || total
-------------------------+-------+-------++-------
Melee: Mace              |    92 |    79 ||   171
       Tailslap          |    10 |    11 ||    21
       Punch             |     3 |       ||     3
Invok: Berserk           |     1 |     1 ||     2
       Trog's Hand       |       |     3 ||     3
  Use: Scroll            |     2 |     2 ||     4
       Potion            |       |     3 ||     3
Armor: Skin              |    48 |    19 ||    67
Dodge: Dodged            |    61 |    78 ||   139
